 Dungeon Crawl Stone Soup version 0.32-a0-290-g598725c5f2 (webtiles) character file.

Game seed: 13585206782485688998

1183 Dittersdorf the Covered (level 8, -8/51 HPs)
             Began as a Gargoyle Fighter on Feb 13, 2024.
             Mangled by a hornet (10 damage)
             ... on level 7 of the Dungeon.
             The game lasted 00:05:25 (5642 turns).

Dittersdorf the Covered (Gargoyle Fighter)          Turns: 5642, Time: 00:05:26

Health: -8/51      AC: 27    Str: 23    XL:     8   Next: 42%
Magic:  0/8        EV:  8    Int:  8    God:
Gold:   350        SH:  5    Dex:  9    Spells: 7/7 levels left

rFire   . . .        a - +1 flail (freeze)
rCold   . . .        c - +0 buckler
rNeg    + . .        h - +4 chain mail
rPois   ∞            v - +1 hat
rElec   +            y - +0 cloak
rCorr   .            (no gloves)
SInv    .            e - +0 pair of boots
Will    .....        x - amulet of guardian spirit Stlth
                     l - +4 ring of protection
HPRegen 0.28/turn    (no ring)
MPRegen 0.11/turn

%: guardian spirit
@: studying Short Blades
A: sickness immunity, AC +5, negative energy resistance 1, electricity
resistance, torment resistance 1, petrification resistance
a: no special abilities


You were on level 7 of the Dungeon.
You visited 2 branches of the dungeon, and saw 8 of its levels.

You collected 350 gold pieces.

Inventory:

Hand Weapons
 a - a +1 flail of freezing (weapon)
Missiles
 s - 2 throwing nets (quivered)
Armour
 c - a +0 buckler (worn)
 e - a +0 pair of boots (worn)
 h - a +4 chain mail (worn)
 v - a +1 hat (worn)
 y - a +0 cloak (worn)
Jewellery
 l - a +4 ring of protection (left hand)
 p - a ring of fire
 x - an amulet of guardian spirit (around neck)
Scrolls
 g - a scroll of enchant weapon
 n - 2 scrolls of teleportation
Potions
 b - a potion of haste
 d - a potion of might
 f - a potion of berserk rage {unknown}
 i - a potion of mutation {unknown}
 j - 4 potions of curing {unknown}
 w - a potion of enlightenment


   Skills:
 + Level 6.2 Fighting
 + Level 5.2 Maces & Flails
 + Level 6.2 Armour
 + Level 6.2 Shields


You had 7 spell levels left.
You didn't know any spells.
Your spell library contained the following spells:

 Spells                   Type           Power      Damage    Failure   Level
 Sting                    Conj/Alch      0%         1d3       95%         1
 Mercury Vapours          Alch/Air       0%         N/A       99%         2
 Static Discharge         Conj/Air       0%         3-3/arc   99%         2
 Call Canine Familiar     Summ           0%         N/A       100%        3
 Sigil of Binding         Hex            0%         N/A       100%        3
 Airstrike                Air            0%         2d(0-16)  100%        4
 Dimensional Bullseye     Hex/Tloc       0%         N/A       100%        4
 Olgreb's Toxic Radiance  Alch           0%         N/A       100%        4
 Summon Lightning Spire   Summ/Air       0%         N/A       100%        4
 Chain Lightning          Conj/Air       0%         N/A       100%        9
 Fire Storm               Conj/Fire      0%         5d1       100%        9
 Shatter                  Erth           0%         3d5*      100%        9


Dungeon Overview and Level Annotations

Branches:
Dungeon (7/15)             Temple (1/1) D:4

Altars:
Ashenzari
Cheibriados
Dithmenos
Elyvilon
Fedhas
Hepliaklqana
Kikubaaqudgha
Makhleb
Okawaru
Qazlal
Ru
Sif Muna
Trog
Uskayaw
Vehumet
Wu Jian
Yredelemnul
Zin
The Shining One
Beogh

Annotations:
D:1 2 runed translucent doors
D:7 Jeremiah


Innate Abilities, Weirdness & Mutations

You are immune to sickness and miasma.
Your stone body is resilient. (AC +5)
You are immune to poison.
You resist negative energy. (rN+)
You are resistant to electric shocks. (rElec)
You are resistant to unholy torment.
You are immune to petrification.


Message History

The ufetubus hits you.
* * * LOW HITPOINT WARNING * * *
You miss the ufetubus. The ufetubus barely misses you.
The ufetubus hits you but does no damage.
The hornet stings you but does no damage.
You closely miss the ufetubus.
The ufetubus hits you but does no damage. x2
You block the hornet's attack. You block the ufetubus's attack.
The ufetubus hits you but does no damage.
You miss the ufetubus.
The hornet stings you but does no damage.
The ufetubus hits you.
* * * LOW HITPOINT WARNING * * *
The ufetubus closely misses you. The hornet stings you!
* * * LOW HITPOINT WARNING * * *
You sock the ufetubus! You freeze the ufetubus.
The ufetubus is almost dead.
The ufetubus hits you but does no damage. x2
The hornet stings you but does no damage.
The ufetubus hits you.
* * * LOW HITPOINT WARNING * * *
The ufetubus hits you but does no damage.
The hornet stings you.
* * * LOW HITPOINT WARNING * * *
You hit the ufetubus.
You kill the ufetubus!
The hornet stings you but does no damage. x2
The hornet attacks as it pursues you!
The hornet stings you but does no damage.
The hornet stings you but does no damage.
The hornet attacks as it pursues you!
The hornet stings you but does no damage.
The hornet attacks as it pursues you! The hornet barely misses you.
The hornet stings you but does no damage.
The hornet stings you but does no damage.
The hornet attacks as it pursues you! The hornet barely misses you.
The hornet stings you.
* * * LOW HITPOINT WARNING * * *
The hornet stings you!
You die...

###
#.#############
#.......y@....#
#.###########.#
#.# #<......#
#.# #..######
#.# #....# #.#
#.##.# #.#
#.##.# #.#
#.##.# ###.###
#.##.#


You could see a hornet.

Vanquished Creatures
  3 ice beasts
  An orc warrior (D:6)
  A bullfrog (D:6)
  A scorpion (D:6)
  A howler monkey (D:5)
  2 jellies
  A hound (D:6)
  6 iguanas
  4 orc wizards (D:4)
  6 gnolls
  7 adders
  2 ufetubi (D:7)
  A dart slug (D:2)
  12 orcs
  7 ball pythons
  5 bats
  8 endoplasms
  3 giant cockroaches
  6 goblins
  2 hobgoblins
  11 jackals
  9 kobolds
  4 quokkas
  8 frilled lizards
  3 rats
114 creatures vanquished.

Notes
Turn   | Place    | Note
-------+----------+-------------------------------------------
     0 | D:1      | Dittersdorf the Gargoyle Fighter began the quest for the
                  | Orb.
     0 | D:1      | Reached XP level 1. HP: 14/14 MP: 1/1
    29 | D:1      | Reached XP level 2. HP: 16/19 MP: 2/2
    62 | D:1      | Found a large runed translucent door.
    62 | D:1      | Found a large runed translucent door.
    64 | D:1      | Found a roughly hewn altar of Beogh.
    64 | D:1      | Noticed an orc warrior
   132 | D:1      | Reached XP level 3. HP: 19/23 MP: 3/3
  1111 | D:2      | Reached XP level 4. HP: 29/29 MP: 4/4
  1843 | D:3      | Reached XP level 5. HP: 33/33 MP: 5/5
  2324 | D:3      | Found a blossoming altar of Fedhas.
  2327 | D:3      | Found an ancient bone altar of Kikubaaqudgha.
  2332 | D:3      | Found a hazy altar of Hepliaklqana.
  2746 | D:4      | Found a staircase to the Ecumenical Temple.
  2757 | Temple   | Entered the Ecumenical Temple
  2826 | D:4      | Reached XP level 6. HP: 39/39 MP: 6/6
  3500 | D:4      | Reached skill level 5 in Shields
  3720 | D:5      | Entered Level 5 of the Dungeon
  3910 | D:5      | Reached skill level 5 in Fighting
  3910 | D:5      | Reached skill level 5 in Armour
  3910 | D:5      | Reached XP level 7. HP: 42/44 MP: 7/7
  4457 | D:5      | Found a white marble altar of Elyvilon.
  4846 | D:6      | Found a broken altar of Ashenzari.
  5105 | D:6      | Reached XP level 8. HP: 47/51 MP: 6/8
  5279 | D:6      | Reached skill level 5 in Maces & Flails
  5601 | D:7      | Noticed a hornet
  5601 | D:7      | Noticed Jeremiah
  5629 | D:7      | HP: 2/51 [hornet (4)]
  5640 | D:7      | HP: 2/51 [hornet (3)]
  5642 | D:7      | Mangled by a hornet

Illustrated notes

Levels and vault maps discovered:
D:1:      erik_arrival_cave_to_civilisation [erik_arrival_cave_to_temple],
          layout_basic, serial_bayou_pond_b, roderic_lattice_a, st_stairs_13
D:2:      layout_basic
D:3:      layout_basic, grunt_temple_overflow_diamond,
          chequers_serial_rivers_small_a
D:4:      layout_loops_ring, minmay_temple_entry_large_hall
D:5:      layout_layer_cave, pf_just_have_faith, minmay_misc_feat_room
D:6:      layout_gridville, old_standard_altar, minmay_strange_pillars
D:7:      layout_basic, minmay_misc_feat_cross, uniq_jeremiah
Temple:   jpeg_temple_clearing

Skill      XL: |  1  2  3  4  5  6  7  8 |
---------------+-------------------------+-----
Shields        | 4 5 6 |  6.2
Armour         | 4 5 6 |  6.2
Fighting       | 4 5 6 |  6.2
Maces & Flails | 3 4 5 |  5.2

Action                     |  1- 3 |  4- 6 |  7- 9 || total
---------------------------+-------+-------+-------++-------
  Melee: Flail             |    82 |   288 |   140 ||   510
    Use: Scroll            |       |    12 |     4 ||    16
 Armour: Scale mail        |    35 |       |       ||    35
         Chain mail        |     6 |   259 |   220 ||   485
  Dodge: Dodged            |    46 |    94 |   115 ||   255
  Block: Buckler           |    19 |    66 |    58 ||   143

Table legend: (Time is in decaauts)
 A = Elapsed time spent in this place.
 B = Non-inter-level travel time spent in this place.
 C = Inter-level travel time spent in this place.
 D = Time resting spent in this place.
 E = Time spent auto-exploring this place.
 F = Levels seen in this place.
 G = Mean time per level.
                   A        B        C        D        E       F      G
               +--------+--------+--------+--------+--------+-----+--------+
         Total |   5770 |   5465 |    305 |    174 |   4099 |   8 |  721.2 |
       Dungeon |   5768 |   5463 |    305 |    174 |   4099 |   7 |  824.0 |
        Temple |      1 |      1 |      0 |      0 |      0 |   1 |    1.0 |
               +--------+--------+--------+--------+--------+-----+--------+

Top non-repeatable levels by time:
     D:4: 1120 daAuts
     D:1: 1081 daAuts
     D:3: 1077 daAuts
     D:5: 1068 daAuts
     D:6: 753 daAuts
     D:2: 580 daAuts
     D:7: 87 daAuts
  Temple: 1 daAuts
